 Dungeon Crawl Stone Soup version 0.17-a0-1719-g1afd5a1 (webtiles) character file.

104 Riddley the Slasher (level 4, -12/31 HPs)
             Began as a High Elf Fighter on Aug 27, 2015.
             Killed by nerve-wracking pain
             ... invoked by Grinder
              (14 damage)
             ... on level 3 of the Dungeon.
             The game lasted 00:06:46 (2339 turns).

Riddley the Slasher (High Elf Fighter)              Turns: 2339, Time: 00:06:46

Health: -12/31     AC: 11    Str: 21    XL:     4   Next: 52%
Magic:  5/5        EV:  6    Int: 11    God:
Gold:   63         SH:  9    Dex: 15    Spells: 0 memorised, 3 levels left

rFire  + . .     SeeInvis .     a - +0 long sword
rCold  + . .     Clarity  .     p - +0 chain mail
rNeg   . . .     SustAt   .     c - +0 shield
rPois  +         Gourm    .     (no helmet)
rElec  +         Spirit   .     x - +1 cloak
rCorr  +         Warding  .     (no gloves)
rMut   .         Stasis   +     (no boots)
MR     .....                    h - amulet of stasis
Stlth  ..........               (no ring)
                                (no ring)

@: mighty, resistant, not resistant to hostile enchantments, extremely
unstealthy
A: no striking features
a: no special abilities


You were on level 3 of the Dungeon.
You were not hungry.

You visited 1 branch of the dungeon, and saw 3 of its levels.

You collected 63 gold pieces.

Inventory:

Hand weapons
 a - a +0 long sword (weapon)
 g - a +1 short sword of speed
Armour
 b - a +0 scale mail
 c - a +0 shield (worn)
 p - a +0 chain mail (worn)
 x - a +1 cloak (worn)
Jewellery
 h - an amulet of stasis (around neck)
Scrolls
 f - 2 scrolls of amnesia {unknown}
 i - 5 scrolls of identify {unknown}
 k - 2 scrolls of immolation {unknown}
 l - 2 scrolls of remove curse {unknown}
 m - a scroll of enchant armour {unknown}
 n - 3 scrolls of teleportation {unknown}
 q - a scroll of recharging {unknown}
 r - a scroll of fog {unknown}
 u - 2 scrolls of random uselessness {unknown}
Potions
 z - a potion of poison
Miscellaneous
 v - a plain deck of changes
Comestibles
 e - 2 bread rations
 s - 2 meat rations


   Skills:
 + Level 3.4 Fighting
 + Level 0.2(2.1) Short Blades
 * Level 3.5 Long Blades
 + Level 3.2 Armour
 + Level 1.2 Dodging
 + Level 3.3 Shields


You had 3 spell levels left.
You didn't know any spells.

Dungeon Overview and Level Annotations

Branches:
Dungeon (3/15)

Altars:
Nemelex Xobeh

Annotations:
D:3 Grinder


Message History

Grinder hits you.
* * * LOW HITPOINT WARNING * * *
You writhe in agony.
* * * LOW HITPOINT WARNING * * *
You closely miss Grinder.
Grinder is lightly wounded.
Grinder hits you but does no damage.
You hit Grinder.
Grinder is lightly wounded.
You block Grinder's attack.
You hit Grinder but do no damage.
Grinder is lightly wounded.
Grinder hits you but does no damage. Grinder says, "Are you a fish?"
Grinder hits you but does no damage.
Drink which item? (? for menu, Esc to quit)
You feel very mighty all of a sudden. Grinder gestures at you.
Pain shoots through your body!
You die...

#...# #######.######
#.### #.# #.# ##'## #.#
##...## #.####
##.....## #.##.##
##.......##
#.#...####.........####
#........'.).......'...
#.#...####.....@...#
#.##.## ##.....5.##
##.#### ##.....## #...#
##...## #...# ##+##
#...# ##.## #.# ##.####


You could see Grinder.

Vanquished Creatures
  4 adders (D:2)
  An ooze (D:1)
  2 worms (D:2)
  2 giant cockroaches
  7 goblins
  6 hobgoblins
  5 jackals
  6 kobolds
  8 bats
  2 giant newts
  21 rats
64 creatures vanquished.

Notes
Turn   | Place    | Note
--------------------------------------------------------------
     0 | D:1      | Riddley the High Elf Fighter began the quest for the Orb.
     0 | D:1      | Reached XP level 1. HP: 16/16 MP: 2/2
   127 | D:1      | Reached XP level 2. HP: 19/21 MP: 3/3
   396 | D:1      | Reached XP level 3. HP: 26/26 MP: 4/4
  1149 | D:2      | Reached skill level 1 in Dodging
  1319 | D:2      | Found a sparkling altar of Nemelex Xobeh.
  1356 | D:2      | Reached XP level 4. HP: 26/31 MP: 5/5
  2084 | D:3      | Noticed Grinder
  2339 | D:3      | Killed from afar by Grinder

Vault maps used:
D:1:      ncdulo_smallfort, minmay_misc_feat_iff, minmay_misc_feat_cross,
          minmay_rat_gold_closets
D:2:      nemelex_deck
D:3:      nicolae_dithmenos_shadow_blocks, uniq_natasha, uniq_jessica,
          uniq_grinder

Action                   |  1- 3 |  4- 6 || total
-------------------------+-------+-------++-------
Melee: Short sword       |    81 |       ||    81
       Long sword        |    72 |    63 ||   135
  Use: Potion            |       |     6 ||     6
  Eat: Chunk             |     2 |     1 ||     3
       Beef jerky        |       |     1 ||     1
